 Dungeon Crawl Stone Soup version 0.23-a0-50-g799c399 (webtiles) character file.

142 MatthieuS the Skirmisher (level 5, -1/40 HPs)
             Began as a Demonspawn Wanderer on Aug 7, 2018.
             Was an Initiate of Ashenzari.
             Slain by an orc
             ... wielding a +0 whip
              (2 damage)
             ... on level 3 of the Dungeon.
             The game lasted 00:08:28 (2899 turns).

MatthieuS the Skirmisher (Demonspawn Wanderer)      Turns: 2899, Time: 00:08:29

Health: -1/40      AC:  7    Str: 13    XL:     5   Next: 3%
Magic:  5/5        EV:  7    Int: 18    God:    Ashenzari [......]
Gold:   118        SH:  7    Dex:  8    Spells: 4/4 levels left

rFire    . . .     SeeInvis .   b - +0 hand axe
rCold    . . .     Gourm    .   a - +0 shield
rNeg     . . .     Faith    .   h - +0 ring mail
rPois    +         Spirit   .   (helmet restricted)
rElec    .         Reflect  .   (no cloak)
rCorr    .         Harm     .   (no gloves)
MR       .....                  (no boots)
Stlth    ++........             (no amulet)
HPRegen  0.13/turn              k - ring of poison resistance
MPRegen  0.09/turn              (no ring)

@: lethally poisoned (-1 -> -2)
A: antennae 1, iridescent scales 1, nightstalker 1, powered by death 1
a: Curse Item, Renounce Religion


You were on level 3 of the Dungeon.
You worshipped Ashenzari.
Ashenzari was noncommittal.
You were not hungry.

You visited 1 branch of the dungeon, and saw 3 of its levels.

You collected 118 gold pieces.

Inventory:

Hand Weapons
 b - a +0 hand axe (weapon)
   (You found it on level 1 of the Dungeon)
Missiles
 n - 4 tomahawks (quivered)
Armour
 a - a +0 shield (worn)
 h - a +0 ring mail (worn)
   (You found it on level 1 of the Dungeon)
 i - a +0 plate armour
   (You found it on level 1 of the Dungeon)
 l - a +0 helmet
   (You took it off Robin on level 2 of the Dungeon)
Jewellery
 k - a ring of poison resistance (left hand)
   (You found it on level 1 of the Dungeon)
Wands
 x - a wand of acid (9)
   (You found it on level 2 of the Dungeon)
Scrolls
 m - a scroll of random uselessness
Comestibles
 c - 5 chunks of flesh
 e - a ration


   Skills:
 + Level 2.9 Fighting
 * Level 1.1 Axes
 + Level 1.8 Armour
 - Level 1.0 Stealth
 + Level 2.2 Shields
   Level 2.6 Charms
   Level 2.0 Summonings
   Level 1.1 Necromancy
   Level 1.7 Translocations


You had 4 spell levels left.
You didn't know any spells.
Your spell library contained the following spells:

 Spells                   Type           Power        Failure   Level  Hunger
 Swiftness                Chrm/Air       #.......     91%         2    ###....
 Poisonous Vapours        Pois/Air       #.....       98%         2    ###....


Dungeon Overview and Level Annotations

Branches:
Dungeon (3/15)

Altars:
Ashenzari
Qazlal

Annotations:
D:2 Natasha


Innate Abilities, Weirdness & Mutations

You have a pair of small antennae on your head.
You are partially covered in iridescent scales. (AC +2)
You are slightly more attuned to the shadows.
You regenerate a little health from kills.


Message History

The worker ant bites you but does no damage.
Unknown command.
You hit the worker ant. The worker ant closely misses you.
The worker ant barely misses you.
Unknown command.
You hit the worker ant but do no damage.
You feel sick. The worker ant closely misses you. The worker ant bites you.
* * * LOW HITPOINT WARNING * * *
You are more poisoned.
The worker ant poisons you!
You hit the worker ant.
You kill the worker ant!
Your Axes skill increases to level 1!
You have reached level 5!
Your demonic ancestry asserts itself...
You slip into the darkness of the dungeon.
You feel sick. The orc hits you with a hand axe.
* * * LOW HITPOINT WARNING * * *
Your shield prevents you from hitting the orc.
The orc hits you with a hand axe.
* * * LOW HITPOINT WARNING * * *
You hit the orc.
You feel sick. The orc barely misses you.
Unknown command.
Your ring mail prevents you from hitting the orc.
You feel sick. The orc hits you with a hand axe.
* * * LOW HITPOINT WARNING * * *
You aren't carrying any potions.
You barely miss the orc. The orc barely misses you.
Unknown command.
As you read the scroll labeled COGUYN SOYD, it crumbles to dust.
You feel blessed for a moment.
It was a scroll of remove curse.
* * * LOW HITPOINT WARNING * * *
You feel sick. The orc hits you with a hand axe.
* * * LOW HITPOINT WARNING * * *
Unknown command.
* * * LOW HITPOINT WARNING * * *
You feel sick.
Some of the chunks of flesh in your inventory have rotted away.
* * * LOW HITPOINT WARNING * * *
You feel sick. The orc hits you but does no damage.
* * * LOW HITPOINT WARNING * * *
You feel sick.
There is a shattered altar of Ashenzari here.
You kneel at the altar of Ashenzari.
Ashenzari welcomes you!
l - an uncursed helmet You can now curse your items.
The orc hits you but does no damage. The orc hits you with a whip.
You die...

..# ..#. +##.##.#####...
#.#.... # #....#... #
#.#.... #. #....#.# #.
#.#..####. ###....# #.
#.#..#⌠.#.+##.⌠#...##
#.####....#.......o......#
#....[...###.......####..#
#....))#...#....o......#.#
#..<.......+...@o..+...#.#
.#.....÷....#.......#...#.##
........#####.......#####..#
#######..).#.........#.....#
.......#).#⌠.##'#..⌠......#
######.#..####...#..#.#..##
#........#...#....#.##
#....#...#...#..#.#.#
#....#.#..####..#.#.#


You could see 3 orcs.

Vanquished Creatures
  A worker ant (D:3)
  Robin (D:2)
  3 adders (D:2)
  2 oozes (D:2)
  2 worms (D:2)
  3 dart slugs
  2 leopard geckos
  An orc (D:3)
  A ball python (D:2)
  3 giant cockroaches
  7 hobgoblins
  7 kobolds
  4 bats
  2 frilled lizards
  12 goblins
  5 rats
56 creatures vanquished.

Notes
Turn   | Place    | Note
-------+----------+-------------------------------------------
     0 | D:1      | MatthieuS the Demonspawn Wanderer began the quest for the Orb.
     0 | D:1      | MatthieuS set off with: a +0 shield, a +0 robe, a +0 club, a ration
     0 | D:1      | Reached XP level 1. HP: 13/13 MP: 1/1
   309 | D:1      | Reached skill level 1 in Fighting
   358 | D:1      | Gained mutation: You are partially covered in iridescent scales. (AC +2) [demonic ancestry]
   358 | D:1      | Reached XP level 2. HP: 18/22 MP: 2/2
  1021 | D:2      | Found a stormy altar of Qazlal.
  1053 | D:1      | Gained mutation: You regenerate a little health from kills. [demonic ancestry]
  1053 | D:1      | Reached XP level 3. HP: 27/27 MP: 3/3
  1068 | D:2      | Noticed Robin
  1231 | D:2      | Killed Robin
  1231 | D:2      | Reached skill level 1 in Armour
  1426 | D:2      | Found a faded altar of an unknown god.
  1514 | D:2      | Gained mutation: You have a pair of small antennae on your head. [demonic ancestry]
  1514 | D:2      | Reached XP level 4. HP: 18/34 MP: 4/4
  1934 | D:2      | Noticed Natasha
  1956 | D:2      | HP: 1/34 [Natasha (1)]
  2836 | D:3      | Found a shattered altar of Ashenzari.
  2882 | D:3      | Reached skill level 1 in Axes
  2882 | D:3      | Gained mutation: You are slightly more attuned to the shadows. [demonic ancestry]
  2882 | D:3      | Reached XP level 5. HP: 11/40 MP: 5/5
  2887 | D:3      | HP: 2/40 [orc/hand axe (1)]
  2893 | D:3      | HP: 1/40 [poisoned by a worker ant]
  2899 | D:3      | Became a worshipper of Ashenzari the Shackled
  2899 | D:3      | Slain by an orc

Vault maps used:
D:1:      zaba_arrival_water
D:2:      grunt_qazlal_sundering, first_ration,
          chequers_ecumenical_altar_simple_redux, uniq_natasha, uniq_robin
D:3:      evilmike_ruin_ashenzari

Skill      XL: |  1  2  3  4 |
---------------+-------------+-----
Fighting       | 1 2 |  2.9
Armour         | 1 |  1.8
Shields        | 2 |  2.2
Axes           | 1 |  1.1
Stealth        | |  1.0
Charms         | |  2.6
Summonings     | |  2.0
Necromancy     | |  1.1
Translocations | |  1.7

Action                   |  1- 3 |  4- 6 || total
-------------------------+-------+-------++-------
Melee: Hand axe          |   173 |   120 ||   293
  Use: Scroll            |       |     4 ||     4
       Potion            |       |     1 ||     1
  Eat: Chunk             |     2 |     2 ||     4
       Ration            |       |     1 ||     1
Armor: Robe              |     6 |       ||     6
       Ring mail         |    87 |    53 ||   140
Dodge: Dodged            |    49 |    49 ||    98
Block: Shield            |    71 |    44 ||   115

Table legend:
 A = Spawn XP
 B = Non-spawn XP
 C = Spawn XP percentage of total XP
 D = Spawn monster count
 E = Non-spawn monster count
 F = Spawn count percentage of total count
 G = Total turns spent on level
                    A         B        C        D         E        F      G
               +---------+---------+-------+---------+---------+-------+---------
         Total |       0 |     203 |   0.0 |       0 |      56 |   0.0 |  2899
               +---------+---------+-------+---------+---------+-------+---------
           D:1 |       0 |      49 |   0.0 |       0 |      26 |   0.0 |  1190
           D:2 |       0 |     104 |   0.0 |       0 |      23 |   0.0 |  1479
           D:3 |       0 |      50 |   0.0 |       0 |       7 |   0.0 |   230
               +---------+---------+-------+---------+---------+-------+---------
